 Dungeon Crawl Stone Soup version 0.28-a0-1087-gf3fc490d9d (webtiles) character file.

Game seed: 16680714609844851672

196 siradein the Digger (level 5, -4/38 HPs)
             Began as a Draconian Earth Elementalist on Dec 10, 2021.
             Killed from afar by an orc wizard (6 damage)
             ... with a magic dart
             ... on level 3 of the Dungeon.
             The game lasted 00:05:58 (3306 turns).

siradein the Digger (Draconian Earth Elementalist)  Turns: 3306, Time: 00:05:59

Health: -4/38      AC:  6    Str: 10    XL:     5   Next: 45%
Magic:  9/9        EV: 16    Int: 17    God:
Gold:   160        SH:  0    Dex: 12    Spells: 8/9 levels left

rFire   . . .      SeeInvis .   h - +0 lajatang
rCold   . . .      Faith    .   (shield currently unavailable)
rNeg    . . .      Spirit   .   (armour unavailable)
rPois   .          Reflect  .   (helmet restricted)
rElec   .          Harm     .   (no cloak)
rCorr   .          Rampage  .   g - +0 pair of gloves
Will    .....                   (no boots)
Stlth   ++........              (no amulet)
HPRegen 0.12/turn               k - +4 ring of evasion
MPRegen 0.11/turn               (no ring)

@: no status effects
A: AC +5, unfitting armour, cold-blooded
a: no special abilities


You were on level 3 of the Dungeon.
You visited 1 branch of the dungeon, and saw 4 of its levels.

You collected 160 gold pieces.

Inventory:

Hand Weapons
 h - a +0 lajatang (weapon)
Missiles
 b - 57 stones
Armour
 g - a +0 pair of gloves (worn)
Jewellery
 d - a ring of ice
 k - a +4 ring of evasion (left hand)
Scrolls
 c - 2 scrolls of identify {unknown}
 i - a scroll of enchant armour {unknown}
Potions
 a - a potion of heal wounds {unknown}
 e - a potion of might {unknown}
 f - a potion of ambrosia {unknown}
 j - a potion of lignification {unknown}
 l - a potion of berserk rage {unknown}


   Skills:
 + Level 1.1 Staves
 + Level 2.7 Dodging
 + Level 2.9 Stealth
 + Level 2.8 Spellcasting
 + Level 2.3 Transmutations
 + Level 3.7 Earth Magic


You had 8 spell levels left.
You knew the following spells:

 Your Spells              Type           Power      Damage    Failure   Level
a - Sandblast             Erth           30%        2d9       3%          1

Your spell library contained the following spells:

 Spells                   Type           Power      Damage    Failure   Level
 Passwall                 Tmut/Erth      10%        N/A       8%          2
 Stone Arrow              Conj/Erth      16%        3d8       24%         3
 Petrify                  Tmut/Erth      12%        N/A       45%         4


Dungeon Overview and Level Annotations

Branches:
Dungeon (4/15)
 Temple: D:4-7

Altars:
Okawaru


Innate Abilities, Weirdness & Mutations

Your plain brown scales are hard. (AC +5)
You cannot fit into any form of body armour.
You are cold-blooded and may be slowed by cold attacks.


Message History

The orc hits you but does no damage.
A puff of flame appears from out of thin air!
The puff of flame misses you.
You are confused.
You bump into the rock wall.
You are more confused.
You bump into the rock wall.
You are more confused.
You bump into the rock wall.
A puff of flame appears from out of thin air!
The puff of flame hits you.
* * * LOW HITPOINT WARNING * * *
You bump into the rock wall.
You're too confused to move!
You're too confused to move!
You bump into the rock wall.
Something hits you.
* * * LOW HITPOINT WARNING * * *
You bump into the rock wall.
Something hits you.
* * * LOW HITPOINT WARNING * * *
The orc closely misses you.
You're too confused to move!
The orc hits you but does no damage. Something hits you but does no damage.
The orc hits you with a +0 dagger.
* * * LOW HITPOINT WARNING * * *
You slash the orc!
You kill the orc!
The orc closely misses you. Something hits you.
* * * LOW HITPOINT WARNING * * *
The orc hits you with a +0 dagger.
* * * LOW HITPOINT WARNING * * *
Something hits you but does no damage.
You barely miss the orc.
You feel less confused. The orc closely misses you.
You hear some strange, mumbled words.
Something tries to affect you, but you resist.
Unknown command.
A magic dart appears from out of thin air!
The magic dart hits you.
You die...

#.# #. #.# #.
###.########### #.
#.............# #.
#.##...######.# ##
###.....### #.####
###.{..⌠....###.{.{.
#...o)........#.####
#.<@..###...>.#.#
#...### ###...######
##### ##### #.. #.#
#.# #.# #.# #.# #..


You could see an orc.

Vanquished Creatures
  An orc wizard (D:3)
  7 adders
  2 worms (D:2)
  4 dart slugs
  13 orcs
  7 ball pythons
  An endoplasm (D:2)
  6 giant cockroaches
  5 goblins
  6 hobgoblins
  6 jackals
  3 quokkas
  5 bats
  3 frilled lizards
  7 kobolds
  3 rats (D:3)
79 creatures vanquished.

Notes
Turn   | Place    | Note
-------+----------+-------------------------------------------
     0 | D:1      | siradein the Draconian Earth Elementalist began the quest
                  | for the Orb.
     0 | D:1      | Reached XP level 1. HP: 14/14 MP: 3/3
   130 | D:1      | Reached XP level 2. HP: 17/20 MP: 0/5
   741 | D:2      | Reached XP level 3. HP: 22/26 MP: 6/6
  1322 | D:2      | Reached XP level 4. HP: 30/33 MP: 7/7
  2335 | D:3      | Found a faded altar of an unknown god.
  2566 | D:3      | Reached XP level 5. HP: 38/38 MP: 9/9
  2908 | D:3      | Found an iron altar of Okawaru.
  2930 | D:3      | Reached skill level 1 in Staves
  3306 | D:3      | Killed from afar by an orc wizard

Illustrated notes

Levels and vault maps discovered:
D:1:      scummos_arrival_gate, layout_rooms
D:2:      layout_basic, minmay_indecisive_spiral
D:3:      layout_loops_cross, okawaru_trees_2, shapermc_ecumenical_altar_venn,
          grunt_ministairs_12, minivault_26, saegor_snake_ambush
D:4:      layout_gridville, nicolae_gozag_seed_capital

Skill      XL: |  1  2  3  4  5 |
---------------+----------------+-----
Stealth        | 2 |  2.9
Dodging        | 2 |  2.7
Transmutations | 2 |  2.3
Staves         | 1 |  1.1
Spellcasting   | |  2.8
Earth Magic    | |  3.7

Action                   |  1- 3 |  4- 6 || total
-------------------------+-------+-------++-------
Melee: Unarmed           |    22 |       ||    22
       Tailslap          |     8 |    13 ||    21
       Short sword       |    43 |       ||    43
       Lajatang          |    31 |   135 ||   166
 Cast: Sandblast         |    31 |    14 ||    45
 Stab: Sleeping          |     2 |     1 ||     3
Armor: Skin              |    46 |    48 ||    94
Dodge: Dodged            |    77 |   159 ||   236

Table legend: (Time is in decaauts)
 A = Elapsed time spent in this place.
 B = Non-inter-level travel time spent in this place.
 C = Inter-level travel time spent in this place.
 D = Time resting spent in this place.
 E = Time spent auto-exploring this place.
 F = Levels seen in this place.
 G = Mean time per level.
                   A        B        C        D        E       F      G
               +--------+--------+--------+--------+--------+-----+--------+
         Total |   3404 |   3338 |     66 |    105 |   2501 |   4 |  851.0 |
       Dungeon |   3404 |   3338 |     66 |    105 |   2501 |   4 |  851.0 |
               +--------+--------+--------+--------+--------+-----+--------+

Top non-repeatable levels by time:
     D:3: 1442 daAuts
     D:2: 1218 daAuts
     D:1: 702 daAuts
     D:4: 40 daAuts
